 Dungeon Crawl Stone Soup version 0.18-a0-1589-g520a787 (webtiles) character file.

168 Oddball22 the Magician (level 5, -10/26 HPs)
             Began as a Vine Stalker Necromancer on Mar 19, 2016.
             Killed by divine providence
             ... invoked by an orc priest
              (15 damage)
             ... on level 3 of the Dungeon.
             The game lasted 00:08:40 (2617 turns).

Oddball22 the Magician (Vine Stalker Necromancer)   Turns: 2617, Time: 00:08:41

Health: -10/26     AC:  2    Str: 11    XL:     5   Next: 49%
Magic:  0/12       EV: 13    Int: 15    God:
Gold:   58         SH:  0    Dex: 15    Spells: 5 memorised, 0 levels left

rFire  . . .     SeeInvis .     w - +1 short sword (speed)
rCold  . . .     Gourm    +     a - +0 robe
rNeg   + . .     Faith    .     (no shield)
rPois  .         Spirit   +     (no helmet)
rElec  .         Dismiss  .     (no cloak)
rCorr  .         Reflect  .     (no gloves)
SustAt .         Harm     .     (no boots)
MR     .....                    h - amulet of the gourmand
Stlth  ++........               (no ring)
                                p - ring of positive energy

@: very slightly contaminated, not resistant to hostile enchantments, unstealthy
A: fangs 2, regeneration 1, magic shield, antimagic bite, no device heal 3, rot
immunity
a: no special abilities


You were on level 3 of the Dungeon.
You were very full.

You visited 1 branch of the dungeon, and saw 3 of its levels.

You collected 58 gold pieces.

Inventory:

Hand Weapons
 w - a +1 short sword of speed (weapon)
Armour
 a - a +0 robe (worn)
Jewellery
 h - an amulet of the gourmand (around neck)
 p - a ring of positive energy (left hand)
Scrolls
 j - 2 scrolls of teleportation {unknown}
 l - a scroll of fog {unknown}
 q - a scroll of amnesia {unknown}
 r - 3 scrolls of identify {unknown}
 s - a scroll of fear {unknown}
 t - a scroll of enchant armour {unknown}
 u - a scroll of remove curse {unknown}
Potions
 e - a potion of ambrosia {unknown}
 f - a potion of mutation {unknown}
 g - a potion of might {unknown}
 i - a potion of agility {unknown}
 m - a potion of curing {unknown}
 n - a potion of heal wounds {unknown}
 o - a potion of haste {unknown}
Books
 b - a book of Necromancy

   Spells                             Type                      Level
   a - Pain                           Necromancy                   1
   b - Animate Skeleton               Necromancy                   1
   c - Vampiric Draining              Necromancy                   3
   d - Regeneration                   Charms/Necromancy            3
   e - Animate Dead                   Necromancy                   4
   f - Control Undead                 Necromancy                   4
Comestibles
 c - 4 bread rations
 d - a meat ration
 k - 4 fruits
 v - 3 chunks of flesh
 x - a beef jerky


   Skills:
 + Level 1.7 Fighting
 + Level 2.7 Dodging
 - Level 2.4 Stealth
 * Level 4.2 Spellcasting
 - Level 4.0 Necromancy


You couldn't memorise any spells.
You knew the following spells:

 Your Spells              Type           Power        Failure   Level  Hunger
a - Pain                  Necr           ###.         3%          1    None
b - Animate Skeleton      Necr           N/A          3%          1    None
c - Vampiric Draining     Necr           ###.......   12%         3    ###....
d - Regeneration          Chrm/Necr      #.........   24%         3    ###....
e - Animate Dead          Necr           N/A          34%         4    ####...


Dungeon Overview and Level Annotations

Branches:
Dungeon (3/15)

Altars:


Innate Abilities, Weirdness & Mutations

You have extremely sharp teeth.
Your natural rate of healing is unusually fast.
When hurt, damage is shared between your health and your magic reserves.
Your bite disrupts and absorbs the magic of your enemies.
Potions and wands cannot restore your health.
You are immune to rotting.


Message History

Confirm with . or Enter, or press ? or * to list all spells.
Aiming: Vampiric Draining
Press: ? - help, Shift-Dir - straight line, f - orc priest
Aim: an orc priest, wielding a dagger and wearing a leather armour (lightly wounded)
You miscast Vampiric Draining.
Strange energies run through your body.
The orc priest hits you but does no damage.
You hit the orc priest but do no damage.
The orc priest is lightly wounded.
The orc priest barely misses you.
You hit the orc priest but do no damage.
The orc priest is lightly wounded.
The orc priest hits you with a dagger.
* * * LOW HITPOINT WARNING * * *
You hit the orc priest.
You bite the orc priest, but do no damage.
The orc priest is lightly wounded.
The orc priest calls down the wrath of Beogh upon you.
Beogh smites you!
Ouch! That really hurt!
You die...

#...# ######.###.... #...#
#.......##.... . #...#
#.......#.....
#.######...###.........####
##.........................#
..........................#..
..o...................(...###
.##.######..o###.........####
.. #..@# ######..>..... .#
#...# #.##.##.# #...###
#.##..... #[....# #.##.##.#
######[..#.# #.##.....
#....?).##.######.##..#.#
#.#####.##.....##........
#.#####.##.....#####.....
#####.##...........# #..###


You could see an orc priest.

Vanquished Creatures
  A worker ant zombie (D:3)
  5 adders
  3 gnolls (D:2)
  2 oozes (D:2)
  2 worms
  8 orcs (D:3)
  5 bats
  5 giant cockroaches
  7 hobgoblins
  2 jackals (D:2)
  5 kobolds
  A quokka (D:3)
  2 ball pythons (D:1)
  5 giant newts
  5 goblins
  6 rats
64 creatures vanquished.

Notes
Turn   | Place    | Note
--------------------------------------------------------------
     0 | D:1      | Oddball22 the Vine Stalker Necromancer began the quest for the Orb.
     0 | D:1      | Reached XP level 1. HP: 9/9 MP: 4/4
   215 | D:1      | Reached XP level 2. HP: 10/14 MP: 6/6
   790 | D:1      | Reached skill level 1 in Fighting
   825 | D:2      | Reached XP level 3. HP: 12/18 MP: 5/8
  1050 | D:2      | Learned a level 1 spell: Animate Skeleton
  1054 | D:2      | Learned a level 3 spell: Vampiric Draining
  1058 | D:2      | Learned a level 3 spell: Regeneration
  1392 | D:2      | Reached XP level 4. HP: 19/22 MP: 5/10
  1755 | D:2      | HP: 1/22 [poisoned by an adder]
  1763 | D:2      | HP: 1/22 [poisoned by an adder]
  1781 | D:2      | Reached XP level 5. HP: 4/25 MP: 1/11
  2350 | D:3      | Learned a level 4 spell: Animate Dead
  2617 | D:3      | Killed from afar by an orc priest

Vault maps used:
D:1:      nicolae_arrival_memento_mori
D:3:      solitary_fountain, serial_bayou_pond_c

Skill      XL: |  1  2  3  4  5 |
---------------+----------------+-----
Dodging        | 2 |  2.7
Fighting       | 1 |  1.7
Spellcasting   | 3 4 |  4.2
Stealth        | |  2.4
Necromancy     | |  4.0

Action                   |  1- 3 |  4- 6 || total
-------------------------+-------+-------++-------
Melee: Unarmed           |    72 |       ||    72
       Dagger            |    77 |    35 ||   112
       Short sword       |       |    47 ||    47
 Cast: Pain              |    11 |    57 ||    68
 Stab: Sleeping          |     4 |     1 ||     5
  Eat: Chunk             |     8 |     9 ||    17
